 Dungeon Crawl Stone Soup version 0.29.0-13-gc9e81de378 (webtiles) character file.

Game seed: 11747900418081001103

454 DuloT34 the Skirmisher (level 7, -10/84 HPs)
             Began as a Gnoll Hunter on Sept 9, 2022.
             Was a Believer of Makhleb.
             Mangled by Menkaure (12 damage)
             ... on level 5 of the Dungeon.
             The game lasted 00:06:55 (3953 turns).

DuloT34 the Skirmisher (Gnoll Hunter)               Turns: 3953, Time: 00:06:56

Health: -10/84     AC: 23    Str: 10    XL:     7   Next: 5%
Magic:  10/10      EV:  2    Int: 11    God:    Makhleb [**....]
Gold:   231        SH:  0    Dex: 15    Spells: 10/10 levels left

rFire   . . .      SeeInvis +   b - +2 falchion (vamp)
rCold   . . .      Faith    .   (no shield)
rNeg    . . .      Spirit   .   (body armour currently unavailable)
rPois   +          Reflect  .   (helmet currently unavailable)
rElec   .          Harm     .   (cloak currently unavailable)
rCorr   .          Rampage  .   (gloves currently unavailable)
Will    .....      NoTele   +   (boots currently unavailable)
Stlth   ++........              (no amulet)
HPRegen 0.24/turn               k - ring of see invisible
MPRegen 0.12/turn               y - ring of poison resistance

@: mighty, brilliant, tree-form, hasted, invisible, very quick
A: stationary, stasis, torment immunity, boosted hp, (fangs 1), strong nose,
distributed training, (horns 1), (iridescent scales 1)
a: Renounce Religion, Minor Destruction


You were on level 5 of the Dungeon.
You worshipped Makhleb.
Makhleb was pleased with you.
You were a tree.
You visited 1 branch of the dungeon, and saw 5 of its levels.

You collected 231 gold pieces.

Inventory:

Hand Weapons
 a - a +0 shortbow
 b - a +2 vampiric falchion (weapon)
Missiles
 x - 2 throwing nets
Armour
 c - a +0 leather armour (melded)
 h - a +0 pair of boots (melded)
 l - a +1 cloak (melded)
Jewellery
 k - a ring of see invisible (left branch)
 u - a ring of flight
 y - a ring of poison resistance (right branch)
Scrolls
 i - 2 scrolls of enchant weapon
 n - 3 scrolls of noise
 o - 3 scrolls of immolation
 q - 2 scrolls of poison
Potions
 g - a potion of mutation
 j - a potion of lignification
 m - a potion of flight
 v - a potion of heal wounds {unknown}


   Skills:
 + Level 5.1 Fighting
 + Level 2.3 Short Blades
 + Level 2.3 Long Blades
 + Level 2.3 Axes
 + Level 2.3 Maces & Flails
 + Level 2.3 Polearms
 + Level 2.3 Staves
 + Level 8.9 Ranged Weapons
 + Level 2.3 Throwing
 + Level 2.3 Armour
 + Level 5.1 Dodging
 + Level 3.3 Stealth
 + Level 2.3 Shields
 + Level 2.3 Unarmed Combat
 + Level 2.3 Spellcasting
 + Level 1.9 Conjurations
 + Level 1.9 Hexes
 + Level 1.9 Summonings
 + Level 1.9 Necromancy
 + Level 1.9 Translocations
 + Level 1.9 Transmutations
 + Level 1.9 Fire Magic
 + Level 1.9 Ice Magic
 + Level 1.9 Air Magic
 + Level 1.9 Earth Magic
 + Level 1.9 Poison Magic
 + Level 2.5 Invocations
 + Level 2.3 Evocations


You had 10 spell levels left.
You didn't know any spells.
Your spell library contained the following spells:

 Spells                   Type           Power      Damage    Failure   Level
 Beastly Appendage        Tmut           16%        N/A       13%         1
 Poisonous Vapours        Pois/Air       16%        N/A       19%         2
 Wereblood                Tmut           8%         N/A       19%         2
 Gell's Gravitas          Tloc           8%         N/A       36%         3
 Spider Form              Tmut/Pois      8%         N/A       36%         3
 Teleport Other           Tloc           8%         N/A       36%         3
 Corpse Rot               Necr/Pois/Air  8%         N/A       77%         4
 Dispersal                Tloc           4%         N/A       100%        6


Dungeon Overview and Level Annotations

Branches:
Dungeon (5/15)
 Temple: D:4-7

Altars:
Makhleb
Qazlal
Yredelemnul

Shops:
D:3 [

Annotations:
D:5 Menkaure


Innate Abilities, Weirdness & Mutations

You are a tree.
Your roots penetrate the ground, keeping you stationary.
You cannot be teleported.
You are immune to unholy pain and torment.
Your maximum health is greatly increased.
Your equipment is partially melded.
((You have very sharp teeth.))
Your uncanny sense of smell can sniff out nearby items.
Your experience applies equally to all skills.
((You have a pair of small horns on your head.))
((You are partially covered in iridescent scales. (AC +2)))


Message History

Menkaure hits you!
* * * LOW HITPOINT WARNING * * *
You attack the rock wall.
The orc priest hits you but does no damage.
Menkaure hits you but does no damage.
You swing at nothing.
You feel less invigorated.
You feel less confused.
The orc priest hits you but does no damage.
Menkaure says, "Why can't you leave me to my rest?"
Menkaure barely misses you.
You slash Menkaure!
Menkaure is severely damaged.
The orc priest hits you but does no damage.
Menkaure hits you!
* * * LOW HITPOINT WARNING * * *
You hit Menkaure.
Menkaure is severely damaged.
Menkaure hits you but does no damage.
You hit Menkaure.
Menkaure is severely damaged.
The orc priest hits you but does no damage.
Menkaure hits you but does no damage.
You hit Menkaure but do no damage.
Menkaure is severely damaged.
The orc priest hits you but does no damage.
Menkaure hits you!
* * * LOW HITPOINT WARNING * * *
It was a potion of invisibility.
You fade into invisibility!
The orc priest hits you but does no damage.
It was a potion of brilliance.
You feel clever all of a sudden. Menkaure hits you!
* * * LOW HITPOINT WARNING * * *
It was a potion of might.
You feel very mighty all of a sudden.
The orc priest hits you but does no damage.
Menkaure barely misses you.
It was a potion of magic.
Magic courses through your body. Menkaure hits you!
You die...

#.# #.# ##.######
#.......# #.......#
#.......# #.......#
#.....oM####### ∆
##.#####♣.....#########
#.# #o..............
#.# #.......#######.
#o#####.......#
#o....+.......#
..$o........#.......#
..o...M.....#.......#
....................#
...M..##............#


You could see Menkaure (fast) and 2 orc priests.

Vanquished Creatures
  An ogre (D:3)
  A phantom (D:5)
  A scorpion (D:4)
  A gnoll bouda (D:4)
  3 orc wizards
  4 gnolls
  2 adders
  3 worms
  2 dart slugs
  9 orcs
  5 endoplasms
  4 giant cockroaches
  6 goblins
  3 hobgoblins
  4 jackals (D:4)
  6 kobolds
  3 quokkas
  6 ball pythons
  2 bats
  4 frilled lizards
  6 rats
  A spectral orc (D:4)
77 creatures vanquished.

Vanquished Creatures (others)
  A withered plant (D:1)
1 creature vanquished.

Grand Total: 78 creatures vanquished

Notes
Turn   | Place    | Note
-------+----------+-------------------------------------------
     0 | D:1      | DuloT34 the Gnoll Hunter began the quest for the Orb.
     0 | D:1      | Reached XP level 1. HP: 20/20 MP: 1/1
   166 | D:1      | Found a faded altar of an unknown god.
   183 | D:1      | Reached XP level 2. HP: 26/26 MP: 2/2
   187 | D:1      | Prayed at the altar of an unknown god.
   187 | D:1      | Became a worshipper of Makhleb the Destroyer
   187 | D:1      | Reached * piety under Makhleb
   635 | D:2      | Reached XP level 3. HP: 31/31 MP: 3/3
   748 | D:2      | Reached skill level 1 in Invocations
  1213 | D:2      | Found a stormy altar of Qazlal.
  1307 | D:3      | Reached skill level 1 in Short Blades
  1307 | D:3      | Reached skill level 1 in Long Blades
  1307 | D:3      | Reached skill level 1 in Axes
  1307 | D:3      | Reached skill level 1 in Maces & Flails
  1307 | D:3      | Reached skill level 1 in Polearms
  1307 | D:3      | Reached skill level 1 in Staves
  1307 | D:3      | Reached skill level 1 in Throwing
  1307 | D:3      | Reached skill level 1 in Armour
  1307 | D:3      | Reached skill level 1 in Shields
  1307 | D:3      | Reached skill level 1 in Unarmed Combat
  1307 | D:3      | Reached skill level 1 in Spellcasting
  1307 | D:3      | Reached skill level 1 in Evocations
  1351 | D:3      | Reached ** piety under Makhleb
  1382 | D:3      | Found Askug's Armour Shop.
  1434 | D:3      | Reached XP level 4. HP: 38/38 MP: 5/5
  1461 | D:3      | Noticed an ogre
  1471 | D:3      | Killed an ogre
  1472 | D:3      | Reached skill level 1 in Conjurations
  1472 | D:3      | Reached skill level 1 in Hexes
  1472 | D:3      | Reached skill level 1 in Summonings
  1472 | D:3      | Reached skill level 1 in Necromancy
  1472 | D:3      | Reached skill level 1 in Translocations
  1472 | D:3      | Reached skill level 1 in Transmutations
  1472 | D:3      | Reached skill level 1 in Fire Magic
  1472 | D:3      | Reached skill level 1 in Ice Magic
  1472 | D:3      | Reached skill level 1 in Air Magic
  1472 | D:3      | Reached skill level 1 in Earth Magic
  1472 | D:3      | Reached skill level 1 in Poison Magic
  1472 | D:3      | Reached XP level 5. HP: 28/43 MP: 5/7
  2242 | D:4      | Found a basalt altar of Yredelemnul.
  2288 | D:4      | Reached XP level 6. HP: 37/50 MP: 8/8
  2308 | D:4      | Gained mutation: You have a pair of small horns on your
                  | head. [potion of mutation]
  2308 | D:4      | Gained mutation: You are partially covered in iridescent
                  | scales. (AC +2) [potion of mutation]
  2881 | D:3      | Reached skill level 5 in Fighting
  2881 | D:3      | Reached skill level 5 in Dodging
  3742 | D:5      | Entered Level 5 of the Dungeon
  3762 | D:5      | Reached XP level 7. HP: 42/56 MP: 10/10
  3910 | D:5      | Noticed Menkaure
  3933 | D:5      | HP: 2/56 [orc priest/divine providence (11)]
  3951 | D:5      | HP: 2/84 [Menkaure (10)]
  3953 | D:5      | Mangled by Menkaure

Illustrated notes

Levels and vault maps discovered:
D:1:      giann_wishing_wells, layout_basic, ebering_ecumenical_altar_petrified
D:2:      layout_loops_cross, basic_altar, minmay_cut_off
D:3:      layout_rooms, serial_shops, nicolae_lakefront_shop
D:4:      layout_cave_pools, yredelemnul_forgotten_temple_becter,
          minmay_fractal_squares_gapless_5
D:5:      layout_basic, nicolae_overflow_hidden_temple,
          minmay_temple_entry_proselytizer, serial_shops, kennysheep_mini,
          uniq_menkaure

Skill      XL: |  1  2  3  4  5  6 |
---------------+-------------------+-----
Invocations    | 1 2 |  2.5
Short Blades   | 1 2 |  2.3
Long Blades    | 1 2 |  2.3
Axes           | 1 2 |  2.3
Maces & Flails | 1 2 |  2.3
Polearms       | 1 2 |  2.3
Staves         | 1 2 |  2.3
Throwing       | 1 2 |  2.3
Armour         | 1 2 |  2.3
Shields        | 1 2 |  2.3
Unarmed Combat | 1 2 |  2.3
Spellcasting   | 1 2 |  2.3
Evocations     | 1 2 |  2.3
Conjurations   | 1 |  1.9
Hexes          | 1 |  1.9
Summonings     | 1 |  1.9
Necromancy     | 1 |  1.9
Translocations | 1 |  1.9
Transmutations | 1 |  1.9
Fire Magic     | 1 |  1.9
Ice Magic      | 1 |  1.9
Air Magic      | 1 |  1.9
Earth Magic    | 1 |  1.9
Poison Magic   | 1 |  1.9
Stealth        | 3 |  3.3
Fighting       | 5 |  5.1
Dodging        | 5 |  5.1
Ranged Weapons | |  8.9

Action                   |  1- 3 |  4- 6 |  7- 9 || total
-------------------------+-------+-------+-------++-------
Melee: Falchion          |       |    32 |     9 ||    41
       Bite              |       |     4 |       ||     4
       Shortbow          |       |     2 |       ||     2
       Headbutt          |       |     5 |       ||     5
 Fire: Shortbow          |   119 |    96 |     7 ||   222
  Use: Scroll            |       |     4 |     1 ||     5
       Potion            |       |     6 |     9 ||    15
Armor: Leather armour    |    11 |    19 |     1 ||    31
       Skin              |       |       |    16 ||    16
Dodge: Dodged            |    30 |    44 |     6 ||    80
